 Dungeon Crawl Stone Soup version 0.26-a0-1191-ge2a0e31ab3 (webtiles) character file.

Game seed: 8408080353292901037

218 shakesphere1979 the Sneak (level 6, -4/36 HPs)
             Began as a Kobold Conjurer on Dec 29, 2020.
             Killed from afar by Edmund (6 damage)
             ... with a puff of flame
             ... on level 4 of the Dungeon.
             The game lasted 00:23:53 (6020 turns).

shakesphere1979 the Sneak (Kobold Conjurer)         Turns: 6020, Time: 00:23:54

Health: -4/36      AC:  2    Str:  5    XL:     6   Next: 17%
Magic:  3/11       EV: 16    Int: 21    God:
Gold:   112        SH:  0    Dex: 13    Spells: 9/12 levels left

rFire    . . .     SeeInvis .   i - +1 mace
rCold    . . .     Faith    .   (shield restricted)
rNeg     . . .     Spirit   .   a - +0 robe
rPois    .         Reflect  .   (no helmet)
rElec    .         Harm     .   (no cloak)
rCorr    .         Rampage  .   (no gloves)
Will     .....                  (no boots)
Stlth    ++++......             (no amulet)
HPRegen  0.12/turn              (no ring)
MPRegen  0.12/turn              (no ring)

@: no status effects
A: small, nightstalker 3
a: no special abilities


You were on level 4 of the Dungeon.
You visited 1 branch of the dungeon, and saw 4 of its levels.

You collected 112 gold pieces.

Inventory:

Hand Weapons
 i - a +1 mace (weapon)
 u - a +0 hunting sling
Missiles
 e - 65 stones
 j - 41 arrows
 r - 39 bolts
 s - 11 poisoned darts
Armour
 a - a +0 robe (worn)
Jewellery
 o - an uncursed ring of protection from cold {unknown}
 q - an uncursed ring of see invisible {unknown}
Wands
 w - a wand of flame (8)
Scrolls
 b - 3 scrolls of identify
 d - a scroll of magic mapping {unknown}
 h - 4 scrolls of teleportation
 k - 2 scrolls of remove curse
 l - a scroll of random uselessness {unknown}
 n - a scroll of enchant weapon
Potions
 c - a potion of attraction {unknown}
 f - 2 potions of brilliance {unknown}
 g - a potion of degeneration {unknown}
 m - a potion of mutation {unknown}
 p - a potion of might {unknown}
 t - 2 potions of lignification {unknown}
 v - a potion of heal wounds {unknown}
 x - 2 potions of flight {unknown}
 z - a potion of ambrosia {unknown}


   Skills:
 + Level 2.7 Fighting
 + Level 4.1 Dodging
 + Level 4.8 Stealth
 + Level 3.5 Spellcasting
 - Level 4.0 Conjurations


You had 9 spell levels left.
You knew the following spells:

 Your Spells              Type           Power        Failure   Level
a - Magic Dart            Conj           80%          2%          1
b - Searing Ray           Conj           40%          3%          2

Your spell library contained the following spells:

 Spells                   Type           Power        Failure   Level
 Conjure Flame            Conj/Fire      12%          17%         3
 Dazzling Flash           Conj/Hex       24%          17%         3
 Blink                    Tloc           N/A          19%         2
 Call Imp                 Summ           3%           19%         2
 Slow                     Hex            3%           19%         2
 Mephitic Cloud           Conj/Pois/Air  9%           22%         3
 Fulminant Prism          Conj/Hex       6%           50%         4
 Iskenderun's Mystic Bla  Conj/Tloc      12%          50%         4


Dungeon Overview and Level Annotations

Branches:
Dungeon (4/15)
 Temple: D:4-7

Altars:

Annotations:
D:3 2 runed translucent doors, 8 exclusions, Crazy Yiuf; Sigmund; TwistedFlax's ghost, amateur SpAM
D:4 Edmund


Innate Abilities, Weirdness & Mutations

You are small and have problems with some larger weapons.
You are completely attuned to the shadows.


Message History

The searing ray hits Edmund.
Edmund is lightly wounded. (Press . to maintain the ray.) Edmund barely misses you.
The searing ray misses Edmund.
Edmund barely misses you.
The searing ray hits Edmund.
Edmund is moderately wounded.
Edmund closely misses you.
The searing ray hits Edmund.
Edmund is moderately wounded.
You finish channeling your searing ray.
Edmund zaps a wand.
The puff of flame hits you!
Edmund grinds his teeth, and then sighs.
Edmund hits you with a +0 flail of protection!
Edmund zaps a wand.
The puff of flame hits you.
* * * LOW HITPOINT WARNING * * *
Edmund zaps a wand.
The puff of flame hits you.
* * * LOW HITPOINT WARNING * * *
Edmund zaps a wand.
The puff of flame hits you.
You die...

#.# #^#
..# #.#
#.#
###.###
..#
#.....#
.##
#####.#
## #@#
#.# #.#
#@# #.#
#.# #.#
#..
####


You could see Edmund.

Vanquished Creatures
  A scorpion (D:4)
  A centaur skeleton (D:4)
  Terence (D:2)
  An iguana (D:4)
  An adder (D:2)
  A worm (D:2)
  2 dart slugs
  2 leopard geckos (D:2)
  6 orcs
  2 ball pythons
  7 bats
  4 giant cockroaches
  7 goblins
  10 hobgoblins
  3 jackals (D:1)
  A quokka (D:3)
  6 frilled lizards
  4 kobolds
  12 rats
72 creatures vanquished.

Notes
Turn   | Place    | Note
-------+----------+-------------------------------------------
     0 | D:1      | shakesphere1979 the Kobold Conjurer began the quest for the
                  | Orb.
     0 | D:1      | Reached XP level 1. HP: 10/10 MP: 3/3
   285 | D:1      | Reached XP level 2. HP: 16/16 MP: 1/5
   357 | D:1      | Learned a level 2 spell: Searing Ray
   668 | D:1      | Reached skill level 1 in Fighting
   936 | D:1      | Reached XP level 3. HP: 20/20 MP: 6/6
  2620 | D:2      | Noticed Terence
  2698 | D:2      | Killed Terence
  2699 | D:2      | Reached XP level 4. HP: 14/26 MP: 1/8
  4366 | D:3      | Found a runed translucent door.
  4369 | D:3      | Noticed Crazy Yiuf
  4532 | D:3      | Noticed Sigmund
  4630 | D:3      | Reached XP level 5. HP: 23/30 MP: 9/9
  5475 | D:3      | Found a runed translucent door.
  5475 | D:3      | Noticed TwistedFlax's ghost (amateur SpAM)
  5789 | D:4      | Reached XP level 6. HP: 21/36 MP: 3/11
  5943 | D:4      | Noticed Edmund
  6018 | D:4      | HP: 1/36 [Edmund/puff of flame (6)]
  6020 | D:4      | Killed from afar by Edmund

Illustrated notes

Levels and vault maps discovered:
D:1:      dpeg_arrival_arbitrary_a, layout_loops_ring, hangedman_decor_opposing,
          minmay_misc_feat_ornament, minmay_misc_feat_columns,
          grunt_decor_clamped
D:2:      layout_basic, kennysheep_generic_room_4, uniq_terence
D:3:      layout_rooms, gammafunk_ghost_grave, uniq_crazy_yiuf_cottage,
          uniq_sigmund
D:4:      layout_basic, lemuel_round_altar, serial_glass, glass_columns_a,
          glass_columns_b, glass_columns_a, glass_columns_c, glass_columns_a,
          glass_columns_a, glass_columns_a, glass_columns_a,
          minmay_strange_pillars, due_unseen_surprise, uniq_edmund

Skill      XL: |  1  2  3  4  5 |
---------------+----------------+-----
Stealth        | 3 4 |  4.8
Fighting       | 1 2 |  2.7
Dodging        | 3 4 |  4.1
Spellcasting   | 3 |  3.5
Conjurations   | |  4.0

Action                   |  1- 3 |  4- 6 || total
-------------------------+-------+-------++-------
Melee: Whip              |    26 |       ||    26
       Mace              |    86 |    98 ||   184
 Cast: Magic Dart        |    16 |    24 ||    40
       Searing Ray       |     6 |    11 ||    17
  Use: Scroll            |       |     4 ||     4
       Potion            |       |     1 ||     1
 Stab: Sleeping          |     9 |     8 ||    17
Armor: Robe              |    24 |    20 ||    44
Dodge: Dodged            |    91 |   132 ||   223

Table legend: (Time is in decaauts)
 A = Elapsed time spent in this place.
 B = Non-inter-level travel time spent in this place.
 C = Inter-level travel time spent in this place.
 D = Time resting spent in this place.
 E = Time spent auto-exploring this place.
 F = Levels seen in this place.
 G = Mean time per level.
                   A        B        C        D        E       F      G
               +--------+--------+--------+--------+--------+-----+--------+
         Total |   6078 |   5978 |    100 |   1806 |   2863 |   4 | 1519.5 |
       Dungeon |   6078 |   5978 |    100 |   1806 |   2863 |   4 | 1519.5 |
               +--------+--------+--------+--------+--------+-----+--------+

Top non-repeatable levels by time:
     D:2: 2644 daAuts
     D:1: 1836 daAuts
     D:3: 1110 daAuts
     D:4: 486 daAuts
